 Dungeon Crawl Stone Soup version 0.31-a0-1267-gfedaa18580 (webtiles) character file.

Game seed: 5570263355894142840

63 RepHenryClay the Stinger (level 4, -1/40 HPs)
             Began as an Octopode Venom Mage on Dec 17, 2023.
             Slain by an orc wizard
             ... wielding a +0 dagger
              (2 damage)
             ... on level 3 of the Dungeon.
             The game lasted 00:04:58 (2231 turns).

RepHenryClay the Stinger (Octopode Venom Mage)      Turns: 2231, Time: 00:04:59

Health: -1/40      AC: 22    Str:  7    XL:     4   Next: 9%
Magic:  7/7        EV:  2    Int: 17    God:
Gold:   147        SH:  0    Dex: 14    Spells: 1/7 levels left

rFire   . . .        a - +1 dagger (venom)
rCold   . . .        (no shield)
rNeg    . . .        (helmet currently unavailable)
rPois   +            m - amulet of the acrobat
rElec   .            (no ring)
rCorr   .            (no ring)
SInv    .            (no ring)
Will    .....        (no ring)
Stlth   +            (no ring)
HPRegen 0.26/turn    (no ring)
MPRegen 0.10/turn    (no ring)
                     (no ring)

%: acrobat
@: confused, mighty, brilliant, tree-form, attractive, hasted, very quick
A: stationary, stasis, torment immunity, boosted hp, almost no armour,
(amphibious), 8 rings, (camouflage 1), (gelatinous body 1), (nimble swimmer 1),
(tentacles)
a: no special abilities


You were on level 3 of the Dungeon.
You were a tree.
You visited 1 branch of the dungeon, and saw 3 of its levels.

You collected 147 gold pieces.

Inventory:

Hand Weapons
 a - a +1 dagger of venom (weapon)
Jewellery
 m - an amulet of the acrobat (around neck)
Scrolls
 d - 2 scrolls of identify {unknown}
 e - a scroll of torment {unknown}
 f - 2 scrolls of teleportation {unknown}
 g - a scroll of vulnerability {unknown}
 h - a scroll of silence {unknown}
 l - 4 scrolls of amnesia {unknown}
Potions
 b - a potion of attraction
 c - a potion of magic
 j - a potion of haste


   Skills:
 - Level 2.0 Short Blades
 + Level 2.3 Dodging
 - Level 2.8 Stealth
 - Level 2.0 Spellcasting
 - Level 1.0 Transmutations
 + Level 4.7 Poison Magic


You had one spell level left.
You knew the following spells:

 Your Spells              Type           Power      Damage    Failure   Level
a - Sting                 Tmut/Pois      68%        1d6       6%          1
b - Poisonous Vapours     Pois/Air       28%        N/A       11%         2
c - Mephitic Cloud        Conj/Pois/Air  10%        N/A       30%         3

Your spell library contained the following spells:

 Spells                   Type           Power      Damage    Failure   Level
 Passwall                 Tmut/Erth      4%         N/A       24%         2
 Olgreb's Toxic Radiance  Pois           27%        N/A       26%         4
 Ensorcelled Hibernation  Hex/Ice        4%         N/A       28%         2
 Swiftness                Air            2%         N/A       50%         3


Dungeon Overview and Level Annotations

Branches:
Dungeon (3/15)

Altars:
Cheibriados
Fedhas


Innate Abilities, Weirdness & Mutations

You are a tree.
Your roots penetrate the ground, keeping you stationary.
You cannot be teleported.
You are immune to unholy pain and torment.
Your maximum health is greatly increased.
You cannot wear most types of armour.
((You are amphibious.))
You can wear up to eight rings at the same time.
((Your skin changes colour to match your surroundings (Stealth+).))
((Your rubbery body absorbs attacks. (AC +1, EV +1)))
((You are camouflaged when in or above water. (Stealth+)))
((You have tentacles for arms and can constrict up to eight enemies at once.))


Message History

The orc attacks as it pursues you! The orc hits you but does no damage.
It was a potion of attraction.
You feel attractive to monsters. The orc barely misses you.
The orc hits you with a +0 short sword.
The orc wizard is attracted toward you. x2
Damage: -11%(-3hp) hp: 45%(12hp) It was a potion of haste.
You feel yourself speed up. The orc hits you with a +0 morningstar!
* * * LOW HITPOINT WARNING * * *
The orc closely misses you. The orc wizard is attracted toward you.
Huge Dmg: -26%(-7hp) hp: 19%(5hp) Welcome back, RepHenryClay the Octopode Venom Mage.
Press ? for a list of commands and other information.
It was a potion of lignification.
You turn into a tree.
Your roots penetrate the ground.
The orc wizard shouts!
The orc wizard hits you but does no damage.
The orc hits you with a +0 morningstar.
* * * LOW HITPOINT WARNING * * *
The orc hits you but does no damage.
It was a potion of brilliance.
You feel clever all of a sudden.
The orc wizard hits you with a +0 dagger.
* * * LOW HITPOINT WARNING * * *
The orc wizard hits you but does no damage.
The orc hits you with a +0 morningstar.
* * * LOW HITPOINT WARNING * * *
Huge Dmg: -12%(-5hp) hp: 3%(1hp) Welcome back, RepHenryClay the Octopode Venom Mage.
Press ? for a list of commands and other information.
It was a potion of might.
You feel very mighty all of a sudden. The orc hits you but does no damage.
Unknown command.
You cannot move. (Use ctrl+direction or * direction to attack while stationary and confused.)
You cannot move. (Use ctrl+direction or * direction to attack while stationary and confused.)
You hit the orc wizard.
The orc wizard is poisoned.
The orc wizard is heavily wounded.
The orc wizard hits you with a +0 dagger.
You die...

#..........#######...........#
#####.##....##### #...........#
.....#.........# #...........#
####..#..######.#########...###
#....>...........########...#
#.....#......##..[..........#
#.....#......##............##
####.#..#......##oo..........###
.....#..#......##♣o.............
...###..#......##.o...........o.
........#......##....§..........
..(####.#......##...............
......#.#......##...............
.##.#.#'#.#######...............
....#...........#...............
..#.#...........#)#.....###+#...
..#.#.............#........ .##


You could see 2 orc wizards and 2 orcs.

Vanquished Creatures
  An adder (D:2)
  A worm (D:3)
  3 orcs (D:3)
  2 endoplasms
  4 giant cockroaches
  6 goblins
  5 hobgoblins
  3 jackals (D:3)
  2 quokkas (D:3)
  4 ball pythons (D:1)
  3 bats (D:1)
  A frilled lizard (D:3)
  3 kobolds
  4 rats
42 creatures vanquished.

Notes
Turn   | Place    | Note
-------+----------+-------------------------------------------
     0 | D:1      | RepHenryClay the Octopode Venom Mage began the quest for
                  | the Orb.
     0 | D:1      | Reached XP level 1. HP: 11/11 MP: 3/3
   232 | D:1      | Reached XP level 2. HP: 17/17 MP: 1/5
   328 | D:1      | Reached skill level 4 in Poison Magic
   492 | D:1      | Reached skill level 1 in Short Blades
  1050 | D:2      | You fall into a shaft and drop 1 floor!
  1073 | D:3      | Reached XP level 3. HP: 21/21 MP: 1/6
  1139 | D:3      | Found a blossoming altar of Fedhas.
  1433 | D:2      | Found a snail-covered altar of Cheibriados.
  1596 | D:2      | Learned a level 2 spell: Poisonous Vapours
  1600 | D:2      | Learned a level 3 spell: Mephitic Cloud
  2116 | D:3      | Reached XP level 4. HP: 26/27 MP: 4/7
  2229 | D:3      | HP: 1/40 [orc/+0 morningstar (3)]
  2231 | D:3      | Slain by an orc wizard

Illustrated notes

Levels and vault maps discovered:
D:1:      dpeg_arrival_three_smaller_balls, layout_basic,
          chequers_serial_rivers_small_b
D:2:      layout_rooms, basic_altar
D:3:      layout_basic, mainiacjoe_overflow_paths, kennysheep_generic_room_8

Skill      XL: |  1  2  3 |
---------------+----------+-----
Poison Magic   | 4 |  4.7
Short Blades   | 1 2 |  2.0
Dodging        | |  2.3
Stealth        | |  2.8
Spellcasting   | |  2.0
Transmutations | |  1.0

Action                     |  1- 3 |  4- 6 || total
---------------------------+-------+-------++-------
  Melee: Dagger            |    24 |     2 ||    26
         Constrict         |     6 |       ||     6
         Tentacles         |     4 |       ||     4
   Cast: Sting             |    52 |     3 ||    55
         Poisonous Vapours |     1 |       ||     1
    Use: Potion            |       |     5 ||     5
   Stab: Sleeping          |     1 |       ||     1
 Armour: Skin              |    10 |    13 ||    23
  Dodge: Dodged            |    13 |     4 ||    17

Table legend: (Time is in decaauts)
 A = Elapsed time spent in this place.
 B = Non-inter-level travel time spent in this place.
 C = Inter-level travel time spent in this place.
 D = Time resting spent in this place.
 E = Time spent auto-exploring this place.
 F = Levels seen in this place.
 G = Mean time per level.
                   A        B        C        D        E       F      G
               +--------+--------+--------+--------+--------+-----+--------+
         Total |   2228 |   2191 |     37 |    105 |   1765 |   3 |  742.7 |
       Dungeon |   2228 |   2191 |     37 |    105 |   1765 |   3 |  742.7 |
               +--------+--------+--------+--------+--------+-----+--------+

Top non-repeatable levels by time:
     D:1: 1036 daAuts
     D:2: 658 daAuts
     D:3: 533 daAuts
